 Dungeon Crawl Stone Soup version 0.26.1-11-gd32895ea62 (webtiles) character file.

Game seed: 12853102834337543825

25673 Almogavar the Eclecticist (level 12, -1/64 HPs)
             Began as a Deep Elf Conjurer on May 11, 2021.
             Was a High Priest of Sif Muna.
             Slain by a komodo dragon (16 damage)
             ... on level 2 of the Lair of Beasts.
             The game lasted 01:29:25 (21533 turns).

Almogavar the Eclecticist (Deep Elf Conjurer)      Turns: 21533, Time: 01:29:26

Health: -1/64      AC: 16    Str:  4    XL:     12   Next: 91%
Magic:  27/34      EV: 11    Int: 41    God:    Sif Muna [*****.]
Gold:   1015       SH:  0    Dex: 13    Spells: 30/44 levels left

rFire    . . .     SeeInvis .   k - staff of poison
rCold    . . .     Faith    .   (no shield)
rNeg     . . .     Spirit   .   T - +0 swamp dragon scales
rPois    +         Reflect  .   J - +2 hat
rElec    .         Harm     .   y - +2 cloak
rCorr    .         Rampage  .   o - +1 pair of gloves
Will     +....                  (no boots)
Stlth    +++.......             (no amulet)
HPRegen  0.20/turn              m - +6 ring of intelligence
MPRegen  0.24/turn              C - +6 ring of intelligence

@: no status effects
A: no striking features
a: Renounce Religion, Channel Magic, Forget Spell, Divine Exegesis


You were on level 2 of the Lair of Beasts.
You worshipped Sif Muna.
Sif Muna was extremely pleased with you.
You visited 2 branches of the dungeon, and saw 14 of its levels.

You collected 1015 gold pieces.

Inventory:

Hand Weapons
 E - a +3 scimitar of flaming
 R - a +1 great sword of protection
Armour
 a - a +0 buckler
 b - a +3 scale mail
 o - a +1 pair of gloves (worn)
 y - a +2 cloak (worn)
 J - a +2 hat (worn)
 S - a +0 robe of positive energy
 T - +0 swamp dragon scales (worn)
 X - +0 steam dragon scales
Magical Staves
 k - an uncursed staff of poison (weapon)
Jewellery
 d - an uncursed ring of positive energy
 e - an uncursed ring of see invisible
 m - a +6 ring of intelligence (left hand)
 x - an uncursed ring of resist corrosion
 C - a +6 ring of intelligence (right hand)
 O - an uncursed ring of willpower
 Q - a +6 ring of dexterity
 U - an uncursed ring of protection from fire
Wands
 j - a wand of random effects (50)
 n - a wand of flame (37)
 s - a wand of paralysis (17)
 W - a wand of digging (5)
 Y - a wand of enslavement (5)
Scrolls
 c - 6 scrolls of teleportation
 f - 3 scrolls of enchant weapon
 g - 5 scrolls of fog
 i - 8 scrolls of remove curse
 p - 3 scrolls of blinking
 r - 4 scrolls of fear
 v - 3 scrolls of amnesia
 z - 4 scrolls of magic mapping
 B - 4 scrolls of enchant armour
 K - 2 scrolls of holy word {unknown}
 L - 2 scrolls of silence {unknown}
 M - 2 scrolls of immolation {unknown}
 N - 2 scrolls of acquirement {unknown}
 P - a scroll of summoning
Potions
 h - 6 potions of cancellation
 l - 3 potions of resistance
 q - 4 potions of haste
 t - 3 potions of curing
 u - 2 potions of heal wounds
 w - 2 potions of might {unknown}
 A - 5 potions of brilliance
 D - 8 potions of ambrosia {unknown}
 F - 3 potions of lignification
 G - a potion of mutation {unknown}
 H - 3 potions of flight {unknown}
 I - a potion of berserk rage {unknown}
Miscellaneous
 V - a tin of tremorstones (2/2)
 Z - a phantom mirror


   Skills:
 + Level 2.5 Fighting
 - Level 1.3 Long Blades
 + Level 5.7 Armour
 + Level 6.6 Dodging
 + Level 7.2 Stealth
 + Level 16.9 Spellcasting
 + Level 14.4 Conjurations
 + Level 2.5 Hexes


You had 30 spell levels left.
You knew the following spells:

 Your Spells              Type           Power        Failure   Level
a - Magic Dart            Conj           100%         0%          1
b - Searing Ray           Conj           100%         0%          2
c - Dazzling Flash        Conj/Hex       100%         1%          3
d - Tukima's Dance        Hex            53%          4%          3
e - Apportation           Tloc           68%          4%          1
f - Fulminant Prism       Conj/Hex       40%          1%          4

Your spell library contained the following spells:

 Spells                   Type           Power        Failure   Level
 Corona                   Hex            58%          1%          1
 Foxfire                  Conj/Fire      100%         1%          1
 Iskenderun's Mystic Bla  Conj/Tloc      76%          1%          4
 Sticky Flame             Conj/Fire      76%          1%          4
 Ensorcelled Hibernation  Hex/Ice        90%          3%          2
 Animate Skeleton         Necr           68%          4%          1
 Beastly Appendage        Tmut           68%          4%          1
 Sandblast                Erth           68%          4%          1
 Summon Small Mammal      Summ           100%         4%          1
 Confusing Touch          Hex            53%          4%          3
 Lightning Bolt           Conj/Air       38%          5%          5
 Wereblood                Tmut           34%          6%          2
 Orb of Destruction       Conj           50%          9%          7
 Gell's Gravitas          Tloc           17%          12%         3
 Spider Form              Tmut/Pois      25%          12%         3
 Teleport Other           Tloc           34%          12%         3
 Bolt of Magma            Conj/Fire/Erth 32%          16%         5
 Ice Form                 Ice/Tmut       34%          36%         4
 Petrify                  Tmut/Erth      34%          36%         4
 Metabolic Englaciation   Hex/Ice        22%          54%         5
 Yara's Violent Unravell  Hex/Tmut       22%          54%         5
 Blade Hands              Tmut           17%          73%         5
 Lehudib's Crystal Spear  Conj/Erth      38%          100%        8


Dungeon Overview and Level Annotations

Branches:
Dungeon (11/15)            Temple (0/1) D:5            Lair (3/6) D:11
 Shoals (0/4) Lair:3       Spider (0/4) Lair:3          Orc (0/2) D:9

Altars:
Ashenzari
Cheibriados
Dithmenos
Gozag
Hepliaklqana
Makhleb
Nemelex Xobeh
Qazlal
Sif Muna
Trog
Uskayaw
Vehumet
Yredelemnul
The Shining One

Shops:
D:4 *   D:6 (


Message History

Aiming: Searing Ray (safe; 0% risk of failure)
Press: ? - help, Shift-Dir - straight line, f - komodo dragon
Aim: a komodo dragon (13% to evade)
The searing ray hits the komodo dragon but does no damage. (Press . to maintain the ray.)
The komodo dragon barely misses you.
The searing ray hits the komodo dragon!
The komodo dragon is lightly wounded.
The komodo dragon barely misses you.
The searing ray hits the komodo dragon but does no damage.
The komodo dragon is lightly wounded.
The komodo dragon bites you!
The searing ray hits the komodo dragon!
The komodo dragon is heavily wounded.
You finish channeling your searing ray.
The komodo dragon bites you!!
* * * LOW HITPOINT WARNING * * *
Casting: Searing Ray (safe; 0% risk of failure)
Confirm with . or Enter, or press ? or * to list all spells.
The komodo dragon is dazzled.
The komodo dragon bites you!
You die...

#.#....#...## ##...(......#.#..##
.......#...# ##.........P..#.##..
.......#...###.P.................
.......#.........................
.......#........#...#............
.#..P.+........#....#...P....##..
.....).........#....#.....#.#..##
..............†#l...+......#.##..
................@...#.....#.#####
...............#.........#.######
..........P#...P.........#.##..##
............+.)...........#..##..
............P..#....#...P..##..##
........#......#....#............
........#........................
............#..###'##...........#
###............................#.


You could see a komodo dragon (blind).

Vanquished Creatures
  Erolcha (D:10)
  A hydra (Lair:3)
  Harold (D:8)
  Erica (D:9)
  Pikel (D:9)
  An ugly thing (D:11)
  A centaur zombie (D:11)
  A black mamba (Lair:3)
  5 elephants
  A merfolk siren (Lair:3)
  A torpor snail (Lair:3)
  Maggie (D:10)
  5 cane toads
  2 komodo dragons
  2 rime drakes (Lair:2)
  A queen bee (Lair:2)
  8 blink frogs
  18 yaks
  4 wyverns
  4 basilisks (Lair:2)
  3 steam dragons
  Grum (D:9)
  A soldier ant (D:11)
  2 wargs (D:9)
  7 water moccasins
  3 black bears (D:11)
  4 phantoms
  4 orc warriors
  3 ice beasts
  2 necrophages (D:10)
  22 wolves
  6 ogres
  4 centaurs
  4 lemures (D:9)
  3 big kobolds
  3 bullfrogs
  6 scorpions
  31 killer bees
  21 wights
  5 howler monkeys
  2 bullfrog zombies (D:9)
  2 centaur skeletons
  A gnoll shaman (D:8)
  11 orc priests
  2 bullfrog skeletons
  10 hounds
  4 jellies
  12 orc wizards
  3 iguanas
  Ijyb (D:3)
  8 worker ants
  Natasha (thrice) (D:3)
  Terence (D:3)
  A hound zombie (D:7)
  A worker ant zombie (D:9)
  14 adders
  A river rat (Lair:2)
  2 shadow imps
  2 white imps
  An ufetubus (D:5)
  An ooze (D:3)
  An adder zombie (D:9)
  An adder skeleton (D:4)
  A worm (D:3)
  2 dart slugs
  2 leopard geckos
  34 orcs
  9 giant cockroaches
  9 goblins
  8 hobgoblins
  6 jackals
  6 quokkas
  4 ball pythons
  9 bats
  10 frilled lizards
  15 kobolds
  A quokka simulacrum (D:9)
  2 quokka skeletons
  9 rats
407 creatures vanquished.

Vanquished Creatures (others)
  2 fulminant prisms
  21 fungi
  45 plants
68 creatures vanquished.

Grand Total: 475 creatures vanquished

Notes
Turn   | Place    | Note
-------+----------+-------------------------------------------
     0 | D:1      | Almogavar the Deep Elf Conjurer began the quest for the
                  | Orb.
     0 | D:1      | Reached XP level 1. HP: 10/10 MP: 6/6
   309 | D:1      | Reached XP level 2. HP: 15/15 MP: 5/8
   312 | D:1      | Learned a level 2 spell: Searing Ray
   518 | D:1      | Reached skill level 5 in Conjurations
   701 | D:2      | Found a radiant altar of Vehumet.
   788 | D:2      | Found a hazy altar of Hepliaklqana.
   896 | D:2      | Found a stormy altar of Qazlal.
   896 | D:2      | Found a burning altar of Makhleb.
   984 | D:2      | Reached XP level 3. HP: 19/19 MP: 1/9
  1128 | D:2      | Found a shimmering blue altar of Sif Muna.
  1135 | D:2      | Became a worshipper of Sif Muna the Loreminder
  1495 | D:3      | Noticed Ijyb
  1501 | D:3      | Killed Ijyb
  1502 | D:3      | Reached XP level 4. HP: 17/24 MP: 2/11
  1620 | D:3      | Noticed Natasha
  1622 | D:3      | Killed Natasha
  1623 | D:3      | Reached skill level 4 in Spellcasting
  2032 | D:3      | Noticed Natasha
  2036 | D:3      | Killed Natasha
  2037 | D:3      | Reached XP level 5. HP: 21/28 MP: 7/13
  2187 | D:3      | Noticed Natasha
  2191 | D:3      | Killed Natasha
  2212 | D:3      | Reached * piety under Sif Muna
  2598 | D:3      | Found a snail-covered altar of Cheibriados.
  2676 | D:3      | Found a glowing golden altar of the Shining One.
  2694 | D:3      | Found a basalt altar of Yredelemnul.
  2696 | D:3      | Noticed a profane servitor
  2705 | D:3      | Noticed Terence
  2708 | D:3      | Killed Terence
  2709 | D:3      | Reached skill level 5 in Spellcasting
  2926 | D:4      | Found a hide-covered altar of Uskayaw.
  2978 | D:4      | Reached XP level 6. HP: 32/32 MP: 10/15
  3151 | D:4      | Found an opulent altar of Gozag.
  3151 | D:4      | Found Gozag's Platinum Reserve.
  3394 | D:4      | Learned a level 3 spell: Dazzling Flash
  4052 | D:5      | Entered Level 5 of the Dungeon
  4499 | D:5      | Reached skill level 6 in Spellcasting
  4795 | D:5      | Found a staircase to the Ecumenical Temple.
  4827 | D:5      | Reached XP level 7. HP: 36/36 MP: 12/18
  5413 | D:6      | Reached skill level 7 in Spellcasting
  5446 | D:6      | You fall into a shaft and drop 3 floors!
  5462 | D:9      | Reached ** piety under Sif Muna
  5477 | D:9      | Noticed a yak
  5482 | D:9      | Killed a yak
  5962 | D:9      | Noticed Erica
  5972 | D:9      | Killed Erica
  5973 | D:9      | Reached skill level 5 in Stealth
  5973 | D:9      | Reached skill level 9 in Spellcasting
  5973 | D:9      | Reached XP level 8. HP: 31/42 MP: 12/23
  6315 | D:7      | Reached skill level 10 in Spellcasting
  6433 | D:7      | Found a bloodstained altar of Trog.
  6586 | D:7      | Found a shadowy altar of Dithmenos.
  6642 | D:7      | Reached XP level 9. HP: 46/46 MP: 16/25
  6689 | D:7      | Learned a level 3 spell: Tukima's Dance
  7114 | D:6      | Reached skill level 1 in Fighting
  7162 | D:6      | Found Regien's Antique Weapon Boutique.
  7172 | D:6      | Reached skill level 10 in Conjurations
  7251 | D:6      | Learned a level 1 spell: Apportation
  7417 | D:6      | Reached skill level 11 in Spellcasting
  7417 | D:6      | Reached *** piety under Sif Muna
  7989 | D:7      | Found a broken altar of Ashenzari.
  8915 | D:8      | Noticed Harold
  9139 | D:8      | Killed Harold
  9140 | D:8      | Reached skill level 12 in Spellcasting
  9140 | D:8      | Reached XP level 10. HP: 42/52 MP: 17/28
  9626 | D:8      | Found an opulent altar of Gozag.
 10834 | D:9      | Reached **** piety under Sif Muna
 11230 | D:9      | Found a sparkling altar of Nemelex Xobeh.
 11596 | D:9      | Found a staircase to the Orcish Mines.
 11877 | D:9      | Noticed Grum
 11886 | D:9      | Killed Grum
 11887 | D:9      | Reached skill level 13 in Spellcasting
 12167 | D:9      | Noticed Pikel
 12243 | D:9      | Killed Pikel
 12244 | D:9      | Reached skill level 5 in Dodging
 12417 | D:10     | Entered Level 10 of the Dungeon
 12723 | D:10     | Noticed Maggie
 12773 | D:10     | Killed Maggie
 13180 | D:10     | Reached XP level 11. HP: 22/56 MP: 22/30
 13663 | D:10     | Reached ***** piety under Sif Muna
 13891 | D:10     | Noticed Erolcha
 13904 | D:10     | Killed Erolcha
 13904 | D:10     | Identified Neecunaz's Disquisition on Dislocation and the
                  | Rocks (Sif Muna gifted it to you on level 10 of the
                  | Dungeon)
 13904 | D:10     | Received a gift from Sif Muna
 13905 | D:10     | Reached skill level 14 in Spellcasting
 14320 | D:11     | Noticed a purple ugly thing
 14335 | D:11     | Killed a purple ugly thing
 14336 | D:11     | Reached skill level 1 in Armour
 14627 | D:11     | Reached skill level 1 in Long Blades
 15336 | D:11     | Found a staircase to the Lair.
 15769 | D:11     | Found a sparkling altar of Nemelex Xobeh.
 15991 | Lair:1   | Entered Level 1 of the Lair of Beasts
 16875 | Lair:1   | Reached skill level 15 in Spellcasting
 17733 | Lair:1   | Reached XP level 12. HP: 37/62 MP: 26/33
 17872 | Lair:2   | Reached skill level 1 in Hexes
 17983 | Lair:2   | Learned a level 4 spell: Fulminant Prism
 18698 | Lair:2   | Identified Sif Muna's Collected Works on Attacks and
                  | Feathers (Sif Muna gifted it to you on level 2 of the Lair
                  | of Beasts)
 18698 | Lair:2   | Received a gift from Sif Muna
 18785 | Lair:2   | Reached skill level 5 in Armour
 20124 | Lair:3   | Reached skill level 16 in Spellcasting
 20344 | Lair:3   | Found a hole to the Spider Nest.
 20473 | Lair:3   | Found a staircase to the Shoals.
 21374 | Lair:3   | Noticed a seven-headed hydra
 21382 | Lair:3   | Killed a seven-headed hydra
 21533 | Lair:2   | Slain by a komodo dragon

Illustrated notes

Levels and vault maps discovered:
D:1:      nagdon_arrival_double_spiral, layout_rooms, solitary_fountain
D:2:      layout_basic, old_standard_altar, nzn_hepliaklqana_mist_gate,
          fiery_altar_vehumet, gammafunk_temple_overflow_wave
D:3:      layout_basic, grunt_temple_overflow_holy_war,
          nicolae_overflow_crystal_walls, minmay_starry_boxes, uniq_ijyb,
          uniq_terence, uniq_natasha
D:4:      layout_basic, eat_drink_and_be_merry_uskayaw,
          nicolae_gozag_zags_fifth_avenue
D:5:      layout_basic, minmay_temple_entry_antechambers
D:6:      layout_rooms, serial_shops, shop, minmay_a_box_with_orc_wizards_in_it
D:7:      layout_loops_corners, lemuel_crystal_altar, basic_altar,
          kennysheep_pointless_box, ebering_dispersal_statue_hall,
          kennysheep_decorative_pillar, david_defended_altar_orc
D:8:      layout_cave_pods, kennysheep_mini_moat, minmay_joined_circles,
          uniq_harold
D:9:      nzn_winding_woodlands_medium [nzn_winding_woodlands_5x5_open_star,
          nzn_winding_woodlands_5x15_sidewinder,
          nzn_winding_woodlands_5x5_perimeter,
          nzn_winding_woodlands_5x5_closed_star,
          nzn_winding_woodlands_center_diamonds,
          nzn_winding_woodlands_5x5_checkerboard,
          nzn_winding_woodlands_5x5_default, nzn_winding_woodlands_5x15_eye,
          nzn_winding_woodlands_hourglass], layout_irregular_city,
          lemuel_coloured_pillars_altar, minmay_orc_entry_guard_dogs,
          uniq_erica, uniq_grum, uniq_pikel
D:10:     layout_stronghold, uniq_maggie, uniq_erolcha
D:11:     layout_gridville, grunt_lair_entry_orc_guard_hut,
          nemelex_diamond_rough_becter
Lair:1:   layout_loops_ring
Lair:2:   regret_index_bee_streams, layout_chaotic_city, serial_bayou_shore_b
Lair:3:   layout_gridlike, minmay_shoals_entry_lonely_mermaid,
          nicolae_spider_entry_non_spiders

Skill      XL: |  1  2  3  4  5  6  7  8  9 10 11 12 |
---------------+-------------------------------------+-----
Conjurations   | 5 6 7 9 11 12 13 14 | 14.4
Spellcasting   | 4 5 6 9 10 12 13 15 16 | 16.9
Stealth        | 3 5 6 7 |  7.2
Dodging        | 3 4 5 6 |  6.6
Fighting       | 1 2 |  2.5
Armour         | 3 5 |  5.7
Long Blades    | 1 |  1.3
Hexes          | 2 |  2.5

Action                   |  1- 3 |  4- 6 |  7- 9 | 10-12 || total
-------------------------+-------+-------+-------+-------++-------
 Cast: Magic Dart        |    58 |    79 |    74 |   280 ||   491
       Searing Ray       |     5 |    20 |    61 |   242 ||   328
       Dazzling Flash    |       |       |     2 |    11 ||    13
       Fulminant Prism   |       |       |       |     2 ||     2
  Use: Scroll            |     1 |     3 |     3 |    11 ||    18
       Potion            |       |       |       |     5 ||     5
Armor: Robe              |       |     2 |     1 |    16 ||    19
       Swamp dragon scal |       |       |       |   131 ||   131
Dodge: Dodged            |     2 |     2 |    22 |   191 ||   217
       Rpst.: Great sword |       |       |       |    26 ||    26
